NYP
LOS ANGELES (NYP) DODGERS @ TRI-CITY DUST DEVILS
04/05/2044
 
TOP OF THE 1ST
Los Angeles (NYP) Dodgers batting - Pitching for Tri-City Dust Devils : LHP Ryan Tatum
Pitching: LHP Ryan Tatum
Batting: RHB Mario Mejia 0-0: Fly out, F9 (Flyball, 89D, EV 93.1 MPH)
Batting: RHB Leo Cuellar 0-0: Ground out 3-1 (Groundball, 34, EV 89.4 MPH)
Batting: SHB Chris Ackerson 0-0: Ball
1-0: Ball
2-0: Ground out 3-1 (Groundball, 34, EV 102.5 MPH)
Top of the 1st over - 0 runs, 0 hits, 0 errors, 0 left on base; Los Angeles (NYP) 0 - Tri-City 0
BOTTOM OF THE 1ST
Tri-City Dust Devils batting - Pitching for Los Angeles (NYP) Dodgers : LHP Casey Ropp
Pitching: LHP Casey Ropp
Batting: RHB Ruben Luis 0-0: Ball
1-0: Called Strike
1-1: Foul Ball, location: 2F
1-2: Ball
2-2: Ball
3-2: Foul Ball, location: 2F
3-2: Foul Ball, location: 2F
3-2: Strikes out swinging
Batting: SHB Ryan Brown 0-0: Ball
1-0: Ball
2-0: DOUBLE (Line Drive, 89XD, EV 106.2 MPH)
Batting: LHB Frank McConnell 0-0: Called Strike
0-1: Called Strike
0-2: Fly out, F7 (Flyball, 7S, EV 94.4 MPH)
Batting: RHB Tom Tate 0-0: Called Strike
0-1: Called Strike
0-2: Ball
1-2: Foul Ball, location: 2F
1-2: Foul Ball, location: 2F
1-2: Ball
2-2: Ball
Passed Ball!
Ryan Brown to third
3-2: Base on Balls
Batting: RHB Derrick Abrams 0-0: Ball
Passed Ball!
Ryan Brown scores
Tom Tate to second
1-0: Swinging Strike
1-1: Foul Ball, location: 2F
1-2: Foul Ball, location: 2F
1-2: Ground out 5-3 (Groundball, 56, EV 79.4 MPH)
Bottom of the 1st over - 1 run, 1 hit, 0 errors, 1 left on base; Los Angeles (NYP) 0 - Tri-City 1
TOP OF THE 2ND
Los Angeles (NYP) Dodgers batting - Pitching for Tri-City Dust Devils : LHP Ryan Tatum
Batting: LHB Kippy McGrath 0-0: Ground out 4-3 (Groundball, 4, EV 103.8 MPH)
Batting: RHB Jonathan Kirsch 0-0: Swinging Strike
0-1: Ball
1-1: Fly out, F9 (Line Drive, 9D, EV 93.1 MPH)
Batting: LHB Bobby Gambrell 0-0: Called Strike
0-1: Ground out 4-3 (Groundball, 4, EV 106.2 MPH)
Top of the 2nd over - 0 runs, 0 hits, 0 errors, 0 left on base; Los Angeles (NYP) 0 - Tri-City 1
BOTTOM OF THE 2ND
Tri-City Dust Devils batting - Pitching for Los Angeles (NYP) Dodgers : LHP Casey Ropp
Batting: RHB Joe Weissman 0-0: Ball
1-0: Called Strike
1-1: Ball
2-1: Ball
3-1: Swinging Strike
3-2: Foul Ball, location: 2F
3-2: Fly out, F8 (Flyball, 78XD, EV 98.8 MPH)
Batting: RHB Ron Major 0-0: Ball
1-0: Ball
2-0: Ball
3-0: Base on Balls
Batting: RHB Tyler West 0-0: Ground out 5-3 (Groundball, 56, EV 104.4 MPH)
Ron Major to second
Batting: LHB Rogelio Nunez 0-0: Ball
Wild Pitch!
Ron Major to third
1-0: Called Strike
1-1: Ball
Passed Ball!
Ron Major scores
2-1: Ground out U3 (Groundball, 3, EV 80.6 MPH)
Bottom of the 2nd over - 1 run, 0 hits, 0 errors, 0 left on base; Los Angeles (NYP) 0 - Tri-City 2
TOP OF THE 3RD
Los Angeles (NYP) Dodgers batting - Pitching for Tri-City Dust Devils : LHP Ryan Tatum
Batting: LHB Fernando Amaya 0-0: Ball
1-0: Ball
2-0: Ground out 4-3 (Groundball, 4, EV 102.5 MPH)
Batting: RHB Eddie Perry 0-0: DOUBLE (Flyball, 8RXD, EV 109.4 MPH)
Batting: RHB Jonathan Quijada 0-0: Ball
1-0: Foul Ball, location: 2F
1-1: Ball
2-1: Foul Ball, location: 2F
2-2: Strikes out swinging
Batting: RHB Mario Mejia 0-0: Ball
1-0: Called Strike
1-1: Foul Ball, location: 2F
1-2: Strikes out swinging
Top of the 3rd over - 0 runs, 1 hit, 0 errors, 1 left on base; Los Angeles (NYP) 0 - Tri-City 2
BOTTOM OF THE 3RD
Tri-City Dust Devils batting - Pitching for Los Angeles (NYP) Dodgers : LHP Casey Ropp
Batting: RHB Ruben Luis 0-0: Ball
1-0: Ball
2-0: Called Strike
2-1: Ball
3-1: Called Strike
3-2: SINGLE (Groundball, 6S, EV 67.5 MPH) (infield hit)
Batting: SHB Ryan Brown 0-0: Called Strike
0-1: Ball
1-1: SINGLE (Groundball, 56D, EV 104.4 MPH)
Ruben Luis to second
Batting: LHB Frank McConnell 0-0: Ball
1-0: Ball
2-0: Ball
Passed Ball!
Ruben Luis to third
Ryan Brown to second
3-0: Called Strike
3-1: Base on Balls
Batting: RHB Tom Tate 0-0: Foul Ball, location: 2F
0-1: Ball
1-1: Foul Ball, location: 2F
1-2: Ball
2-2: Ball
Wild Pitch!
Ruben Luis scores
Ryan Brown to third
Frank McConnell to second
3-2: Foul Ball, location: 2F
3-2: Base on Balls
Batting: RHB Derrick Abrams 0-0: Ball
Wild Pitch!
Ryan Brown scores
Frank McConnell to third
Tom Tate to second
1-0: Ball
2-0: Ground out 5-3 (Groundball, 56, EV 100.6 MPH)
Frank McConnell scores
Batting: RHB Joe Weissman 0-0: Called Strike
0-1: Ball
1-1: Ball
2-1: Ball
3-1: Foul Ball, location: 2F
3-2: Foul Ball, location: 2F
3-2: Strikes out swinging
Batting: RHB Ron Major 0-0: SINGLE (Groundball, 6MD, EV 95.0 MPH)
Tom Tate to third
Runner from 3rd tries for Home, SAFE, throw by CF to home
Batting: RHB Tyler West 0-0: Fly out, F7 (Flyball, 7LM, EV 86.2 MPH)
Bottom of the 3rd over - 4 runs, 3 hits, 0 errors, 1 left on base; Los Angeles (NYP) 0 - Tri-City 6
TOP OF THE 4TH
Los Angeles (NYP) Dodgers batting - Pitching for Tri-City Dust Devils : LHP Ryan Tatum
Batting: RHB Leo Cuellar 0-0: Called Strike
0-1: Ball
1-1: Foul Ball, location: 2F
1-2: Foul Ball, location: 2F
1-2: Strikes out swinging
Batting: SHB Chris Ackerson 0-0: Called Strike
0-1: Called Strike
0-2: Foul Ball, location: 2F
0-2: Strikes out looking
Batting: LHB Kippy McGrath 0-0: Swinging Strike
0-1: Ball
1-1: Ball
2-1: Ground out 6-3 (Groundball, 6, EV 105.0 MPH)
Top of the 4th over - 0 runs, 0 hits, 0 errors, 0 left on base; Los Angeles (NYP) 0 - Tri-City 6
BOTTOM OF THE 4TH
Tri-City Dust Devils batting - Pitching for Los Angeles (NYP) Dodgers : LHP Casey Ropp
Batting: LHB Rogelio Nunez 0-0: Ball
1-0: Foul Ball, location: 2F
1-1: Ball
2-1: SINGLE (Groundball, 6MS, EV 64.4 MPH) (infield hit)
Pitching: LHP Jake Hall
Batting: RHB Ruben Luis 0-0: Ball
Passed Ball!
Rogelio Nunez to second
1-0: Swinging Strike
1-1: Foul Ball, location: 2F
1-2: Reached on error, E5 (Groundball, 56, EV 91.9 MPH)
Rogelio Nunez scores
Batting: SHB Ryan Brown 0-0: Called Strike
0-1: Ball
1-1: Ground out 5-3 (Groundball, 56, EV 108.8 MPH)
Batting: LHB Frank McConnell 0-0: Called Strike
0-1: Ball
1-1: Swinging Strike
1-2: Ball
Passed Ball!
Ruben Luis to third
2-2: Ball
3-2: DOUBLE (Line Drive, 9LM, EV 110.0 MPH)
Ruben Luis scores
Batting: RHB Tom Tate 0-0: Ball
1-0: Called Strike
1-1: Ball
2-1: Fly out, F8 (Flyball, 78S, EV 92.5 MPH)
Batting: RHB Derrick Abrams 0-0: Ball
1-0: Ground out 6-3 (Groundball, 6M, EV 98.1 MPH)
Bottom of the 4th over - 2 runs, 2 hits, 1 error, 1 left on base; Los Angeles (NYP) 0 - Tri-City 8
TOP OF THE 5TH
Los Angeles (NYP) Dodgers batting - Pitching for Tri-City Dust Devils : LHP Ryan Tatum
Batting: RHB Jonathan Kirsch 0-0: Swinging Strike
0-1: Foul Ball, location: 2F
0-2: Strikes out looking
Batting: LHB Bobby Gambrell 0-0: Ball
1-0: Ball
2-0: SOLO HOME RUN (Line Drive, 78XD, EV 114.4 MPH), Distance : 406 ft
Batting: LHB Fernando Amaya 0-0: Ball
1-0: Called Strike
1-1: Called Strike
1-2: Strikes out swinging
Batting: RHB Eddie Perry 0-0: Ball
1-0: Ball
2-0: Ball
3-0: SINGLE (Line Drive, 8RS, EV 88.8 MPH)
Batting: RHB Jonathan Quijada 0-0: Foul Ball, location: 2F
0-1: Ball
1-1: Foul Ball, location: 2F
1-2: Foul Ball, location: 2F
1-2: Foul Ball, location: 2F
1-2: Ball
2-2: Foul Ball, location: 2F
2-2: Ground out 6-3 (Groundball, 6MS, EV 78.8 MPH)
Top of the 5th over - 1 run, 2 hits, 0 errors, 1 left on base; Los Angeles (NYP) 1 - Tri-City 8
BOTTOM OF THE 5TH
Tri-City Dust Devils batting - Pitching for Los Angeles (NYP) Dodgers : LHP Jake Hall
Batting: RHB Joe Weissman 0-0: Called Strike
0-1: Foul Ball, location: 2F
0-2: Strikes out swinging
Batting: RHB Ron Major 0-0: Fly out, F8 (Flyball, 8RD, EV 88.8 MPH)
Batting: RHB Tyler West 0-0: Called Strike
0-1: Called Strike
0-2: Ground out 5-3 (Groundball, 25, EV 85.0 MPH)
Bottom of the 5th over - 0 runs, 0 hits, 0 errors, 0 left on base; Los Angeles (NYP) 1 - Tri-City 8
TOP OF THE 6TH
Los Angeles (NYP) Dodgers batting - Pitching for Tri-City Dust Devils : LHP Ryan Tatum
Batting: RHB Mario Mejia 0-0: Called Strike
0-1: Ball
1-1: Ball
2-1: Swinging Strike
2-2: Ground out 4-3 (Groundball, 4, EV 81.9 MPH)
Batting: RHB Leo Cuellar 0-0: Ball
1-0: Called Strike
1-1: Foul Ball, location: 2F
1-2: Ground out 4-3 (Groundball, 4, EV 93.1 MPH)
Batting: SHB Chris Ackerson 0-0: Called Strike
0-1: Ball
1-1: Swinging Strike
1-2: Strikes out swinging
Top of the 6th over - 0 runs, 0 hits, 0 errors, 0 left on base; Los Angeles (NYP) 1 - Tri-City 8
BOTTOM OF THE 6TH
Tri-City Dust Devils batting - Pitching for Los Angeles (NYP) Dodgers : LHP Jake Hall
Batting: LHB Rogelio Nunez 0-0: Called Strike
0-1: Ground out 6-3 (Groundball, 56, EV 81.2 MPH)
Batting: RHB Ruben Luis 0-0: Called Strike
0-1: Ball
1-1: Foul Ball, location: 2F
1-2: Foul Ball, location: 2F
1-2: Strikes out looking
Batting: SHB Ryan Brown 0-0: Swinging Strike
0-1: Ball
1-1: Swinging Strike
1-2: Ball
2-2: Strikes out looking
Bottom of the 6th over - 0 runs, 0 hits, 0 errors, 0 left on base; Los Angeles (NYP) 1 - Tri-City 8
TOP OF THE 7TH
Los Angeles (NYP) Dodgers batting - Pitching for Tri-City Dust Devils : LHP Ryan Tatum
Batting: LHB Kippy McGrath 0-0: Ball
1-0: Called Strike
1-1: Foul Ball, location: 2F
1-2: Ball
2-2: Ball
3-2: Base on Balls
Pitching: RHP Eric Busby
Batting: RHB Jonathan Kirsch 0-0: SINGLE (Groundball, 56D, EV 100.6 MPH)
Kippy McGrath to second
Batting: LHB Bobby Gambrell 0-0: Called Strike
0-1: Ball
1-1: Ball
2-1: Foul Ball, location: 2F
2-2: Strikes out swinging
Batting: LHB Fernando Amaya 0-0: Called Strike
0-1: Ball
Kippy McGrath steals 3rd base
Jonathan Kirsch to second
1-1: Ground out 4-3 (Groundball, 4M, EV 100.6 MPH)
Kippy McGrath scores
Jonathan Kirsch to third
Batting: RHB Eddie Perry 0-0: Ball
1-0: Called Strike
1-1: Ball
2-1: Foul Ball, location: 2F
2-2: Foul Ball, location: 2F
2-2: Reached on error, E6 (Groundball, 6, EV 90.6 MPH)
Jonathan Kirsch scores
Batting: RHB Jonathan Quijada 0-0: Called Strike
0-1: Ball
1-1: Called Strike
1-2: Strikes out swinging
Top of the 7th over - 2 runs, 1 hit, 1 error, 1 left on base; Los Angeles (NYP) 3 - Tri-City 8
BOTTOM OF THE 7TH
Tri-City Dust Devils batting - Pitching for Los Angeles (NYP) Dodgers : LHP Jake Hall
Batting: LHB Frank McConnell 0-0: Ball
1-0: Called Strike
1-1: Called Strike
1-2: Ball
2-2: Ball
3-2: Strikes out swinging
Pitching: LHP Gavin White
Batting: RHB Tom Tate 0-0: Ball
1-0: SINGLE (Groundball, 56D, EV 94.4 MPH)
Batting: RHB Derrick Abrams 0-0: Ball
Passed Ball!
Tom Tate to second
1-0: SINGLE (Groundball, 34D, EV 102.5 MPH)
Tom Tate to third
Runner from 3rd tries for Home, SAFE, throw by RF to home
Batting: RHB Joe Weissman 0-0: Ball
1-0: Ball
2-0: Called Strike
2-1: Called Strike
2-2: Fly out, F4 (Flyball, 34D, EV 86.2 MPH)
Batting: RHB Ron Major 0-0: Ball
Passed Ball!
Derrick Abrams to second
1-0: Single, Error in OF, E7, batter to second base (Groundball, 6D, EV 99.4 MPH)
Derrick Abrams scores
Batting: RHB Tyler West 0-0: Ball
1-0: Foul Ball, location: 2F
1-1: Called Strike
1-2: Ball
Passed Ball!
Ron Major to third
2-2: Foul Ball, location: 2F
2-2: Strikes out swinging
Bottom of the 7th over - 2 runs, 3 hits, 1 error, 1 left on base; Los Angeles (NYP) 3 - Tri-City 10
TOP OF THE 8TH
Los Angeles (NYP) Dodgers batting - Pitching for Tri-City Dust Devils : RHP Eric Busby
Pinch Hitting: RHB Neal Jukic 0-0: DOUBLE (Groundball, 5L, EV 95.6 MPH)
Pinch Hitting: RHB Pat Mage 0-0: Ball
1-0: Ball
2-0: Foul Ball, location: 2F
2-1: Foul Ball, location: 2F
2-2: Strikes out swinging
Pitching: RHP Scott Gillis
Batting: SHB Chris Ackerson 0-0: Foul Ball, location: 2F
0-1: Fly out, F4 (Line Drive, 4, EV 67.5 MPH)
Batting: LHB Kippy McGrath 0-0: Foul Ball, location: 2F
0-1: Ball
1-1: Ball
2-1: Foul Ball, location: 2F
2-2: Foul Ball, location: 2F
2-2: Strikes out swinging
Top of the 8th over - 0 runs, 1 hit, 0 errors, 1 left on base; Los Angeles (NYP) 3 - Tri-City 10
BOTTOM OF THE 8TH
Tri-City Dust Devils batting - Pitching for Los Angeles (NYP) Dodgers : LHP Gavin White
Now at SS: Neal Jukic
Now in CF: Pat Mage
Batting: LHB Rogelio Nunez 0-0: Called Strike
0-1: Foul Ball, location: 2F
0-2: Ball
1-2: Ball
2-2: Strikes out swinging
Batting: RHB Ruben Luis 0-0: DOUBLE (Line Drive, 78D, EV 109.4 MPH)
Batting: SHB Ryan Brown 0-0: Foul Ball, location: 2F
0-1: Ball
Passed Ball!
Ruben Luis to third
1-1: Foul Ball, location: 2F
1-2: Foul Ball, location: 2F
1-2: Strikes out swinging
Batting: LHB Frank McConnell 0-0: Ball
Passed Ball!
Ruben Luis scores
1-0: Swinging Strike
1-1: Ball
2-1: Ball
3-1: Called Strike
3-2: Ground out U3 (Groundball, 34S, EV 63.8 MPH)
Bottom of the 8th over - 1 run, 1 hit, 0 errors, 0 left on base; Los Angeles (NYP) 3 - Tri-City 11
TOP OF THE 9TH
Los Angeles (NYP) Dodgers batting - Pitching for Tri-City Dust Devils : RHP Scott Gillis
Batting: RHB Jonathan Kirsch 0-0: Called Strike
0-1: Swinging Strike
0-2: Fly out, F9 (Line Drive, 9, EV 93.8 MPH)
Batting: LHB Bobby Gambrell 0-0: DOUBLE (Line Drive, 9LS, EV 115.0 MPH)
Batting: LHB Fernando Amaya 0-0: Ball
1-0: Ball
2-0: Swinging Strike
2-1: Swinging Strike
2-2: Ball
3-2: Base on Balls
Batting: RHB Eddie Perry 0-0: Ball
1-0: Ball
2-0: Called Strike
2-1: Foul Ball, location: 2F
2-2: Fly out, F8 (Flyball, 8LXD, EV 100.6 MPH)
Runner from 2nd tags up, SAFE at 3rd, no throw by CF
Pinch Hitting: SHB John Gernaat 0-0: Ball
1-0: Ball
2-0: Ball
3-0: Called Strike
3-1: Foul Ball, location: 2F
3-2: Foul Ball, location: 2F
3-2: Base on Balls
Fernando Amaya to second
Batting: RHB Neal Jukic Balk!
Bobby Gambrell scores
Fernando Amaya to third
John Gernaat to second
Pinch Hitting: LHB Jim Schriver 0-0: Called Strike
0-1: Foul Ball, location: 2F
0-2: Ball
1-2: Ball
2-2: Strikes out swinging, 2-3 out at first.
Top of the 9th over - 1 run, 1 hit, 0 errors, 2 left on base; Los Angeles (NYP) 4 - Tri-City 11
Thursday, March 31st , 2022 - OOTP Baseball 22.12 Build 89